 Dungeon Crawl Stone Soup version 0.24-a0-521-g122614bf49 (webtiles) character file.

Game seed: 15898972369594034052

12 GameOver the Sneak (level 2, 22/22 HPs)
             Began as a Naga Wizard on July 30, 2019.
             Got out of the dungeon alive.
             The game lasted 00:01:26 (297 turns).

GameOver the Sneak (Naga Wizard)                     Turns: 297, Time: 00:01:27

Health: 22/22      AC:  2    Str:  9    XL:     2   Next: 33%
Magic:  6/6        EV: 10    Int: 18    God:
Gold:   27         SH:  0    Dex:  9    Spells: 7/7 levels left

rFire    . . .     SeeInvis +   i - -3 mace (curse)
rCold    . . .     Gourm    .   (no shield)
rNeg     . . .     Faith    .   a - +0 robe
rPois    +         Spirit   .   b - +1 hat
rElec    .         Reflect  .   (no cloak)
rCorr    .         Harm     .   (no gloves)
MR       .....                  (no barding)
Stlth    ++........             (no amulet)
HPRegen  0.07/turn              (no ring)
MPRegen  0.10/turn              (no ring)

@: very slow
A: large, see invisible, deformed body, poison resistance, slowness 2, slow
metabolism 1, spit poison 1, AC +0
a: Spit Poison


You escaped.
You were not hungry.

You visited 1 branch of the dungeon, and saw 1 of its levels.

You collected 27 gold pieces.

Inventory:

Hand Weapons
 g - a +0 short sword
 i - a cursed -3 mace (weapon)
Armour
 a - a +0 robe (worn)
 b - a +1 hat (worn)
Potions
 e - 2 potions of curing {unknown}
 h - a potion of brilliance {unknown}
Comestibles
 d - 3 rations


   Skills:
 - Level 1.5 Dodging
 - Level 3.0 Stealth
 - Level 3.0 Spellcasting
   Level 2.3 Conjurations
   Level 1.0 Summonings
   Level 1.0 Translocations


You had 7 spell levels left.
You didn't know any spells.
Your spell library contained the following spells:

 Spells                   Type           Power        Failure   Level  Hunger
 Magic Dart               Conj           ##..         6%          1    None
 Blink                    Tloc           N/A          16%         2    ##.....
 Call Imp                 Summ           #.......     16%         2    ##.....
 Slow                     Hex            #.......     24%         2    ##.....
 Conjure Flame            Conj/Fire      #.......     30%         3    ###....
 Mephitic Cloud           Conj/Pois/Air  #.......     34%         3    ###....


Dungeon Overview and Level Annotations

Branches:
Dungeon (1/15)

Altars:


Innate Abilities, Weirdness & Mutations

You cannot wear boots.
Your serpentine skin is tough. (AC +0)
You have supernaturally acute eyesight. (SInv)
Armour fits poorly on your strangely shaped body.
Your system is resistant to poisons. (rPois)
You cover ground very slowly.
You have a slow metabolism.
You can spit poison.


Message History

Wield which item (- for none, * to show all)? (? for menu, Esc to quit)
It sticks to your hand!
i - a cursed -3 mace (weapon)
As you read the scroll labeled WIAFOS GURUCW, it crumbles to dust.
It is a scroll of enchant armour.
Your +0 hat glows green for a moment.
As you read the scroll labeled KYODOIR UCLOBY, it crumbles to dust.
It is a scroll of amnesia.
Forget Magic Dart, freeing 1 spell level for a total of 7?
Your memory of Magic Dart unravels.
You stop training Conjurations.
You need to enable at least one skill for training.
(D) Dungeon
Where to? (? - help)
Okay, then.
Found a whip.
Found a stone staircase leading down.
Your magical contamination has completely faded away.
Magic restored.
There is a staircase leading out of the dungeon here.
Are you sure you want to leave the Dungeon?
This will make you lose the game!
You have escaped!

#.#.#.#........#.#.##.# #### #.#
#.#.#.#.########.#.##.# #...##.##
#.#...#..........#.##.# #....)†..
#.#.##############.##.# #........
#.....................# #........
#.#######.#.#.######..# ###......
#.# #.#.#....##.# #...... #.#
#.#.#.##.##.# #...... #.#
#.#.#.@#.##.# #...... #.#
#.#.####.##.#####...... #.#
#.#......##.#......##..
#.#########.#########.#......##.#
#................####[#......##.#
##############........#......##.#
#........#......##.#
#........#.........#
#........#.......###


There were no monsters in sight!

Vanquished Creatures
  A dart slug (D:1)
  A giant cockroach (D:1)
  4 hobgoblins (D:1)
  A kobold (D:1)
  A frilled lizard (D:1)
  A rat (D:1)
9 creatures vanquished.

Notes
Turn   | Place    | Note
-------+----------+-------------------------------------------
     0 | D:1      | GameOver the Naga Wizard began the quest for the Orb.
     0 | D:1      | Reached XP level 1. HP: 15/15 MP: 4/4
   174 | D:1      | Reached XP level 2. HP: 16/22 MP: 0/6
   297 | D:$      | Got out of the dungeon alive.

Levels and vault maps discovered:
D:1:      matt_arrival_spirals, layout_basic, minmay_misc_feat_hallway

Skill      XL: |  1 |
---------------+----+-----
Conjurations   | 2 |  2.3
Dodging        | |  1.5
Stealth        | |  3.0
Spellcasting   | |  3.0
Summonings     | |  1.0
Translocations | |  1.0

Action                   || total
-------------------------++-------
 Cast: Magic Dart        ||    12
 Abil: Spit Poison       ||     9
  Use: Scroll            ||     2
Armor: Robe              ||     1
Dodge: Dodged            ||     4

Table legend:
 A = Non-vault XP
 B = Vault XP
 C = Vault XP percentage of total XP
 D = Non-vault monster count
 E = Vault monster count
 F = Vault count percentage of total count
                 A         B        C        D         E       F
            +---------+---------+-------+---------+---------+-------
      Total |      18 |       0 |   0.0 |       9 |       0 |   0.0
            +---------+---------+-------+---------+---------+-------
        D:1 |      18 |       0 |   0.0 |       9 |       0 |   0.0
            +---------+---------+-------+---------+---------+-------
